 Dungeon Crawl Stone Soup version 0.31-a0-521-gc7390f8997 (webtiles) character file.

Game seed: 11841606865971032185

162266 ytrimaz the Metamorph (level 17, -3/119 HPs)
             Began as a Demonspawn Shapeshifter on Aug 9, 2023.
             Was the Champion of Hepliaklqana.
             Slain by a ghost moth (13 damage)
             ... on level 4 of the Spider Nest on Aug 10, 2023.
             The game lasted 00:45:28 (25413 turns).

ytrimaz the Metamorph (Demonspawn Shapeshifter)    Turns: 25413, Time: 00:45:28

Health: -3/119     AC: 15    Str: 24      XL:     17   Next: 21%
Magic:  0/22       EV: 30    Int:  8 (9)  God:    Hepliaklqana [******]
Gold:   1064       SH:  5    Dex: 19      Spells: 16/16 levels left

rFire   + .          .
                       - Unarmed
rCold   . . .        (shield currently unavailable)
rNeg    . . .        D - +0 troll leather armour
rPois   +            g - +0 helmet
rElec   .            e - +2 cloak
rCorr   .            i - melded +1 pair of gloves
SInv    .            (boots unavailable)
Will    +....        s - amulet of reflection
Stlth   +            J - +5 ring of evasion
HPRegen 1.19/turn    Z - ring "Plog" {*Slow rPois rF+ EV+5 Dex+5}
MPRegen 0.36/turn

%: slow self (1%), reflection, guardian spirit
@: blade hands, sanguine armoured
A: reduced essence, hooves 3, powered by death 1, magic shield, magic
regeneration, sanguine armour 2, bedeviling
a: Begin Untransformation, Renounce Religion, Recall Ancestor, Ancestor
Identity, Transference, Idealise


You were on level 4 of the Spider Nest.
You worshipped Hepliaklqana.
Hepliaklqana was exalted by your worship.
You had blades for hands.
You visited 5 branches of the dungeon, and saw 27 of its levels.
You also visited: Ossuary and Ice Cave.

You collected 3211 gold pieces.
You spent 2147 gold pieces at shops.


Innate Abilities, Weirdness & Mutations

You have blades for hands.
Your spellcasting is less reliable in this form.
You are incapable of wielding weapons or throwing items.
Your life essence is reduced to manifest your ancestor. (-10% HP)
You have hooves in place of feet.
You regenerate a little health from kills.
When hurt, damage is shared between your health and your magic reserves.
You regenerate magic rapidly.
When seriously injured, your blood forms thick armour. (AC +9)
Your hexes are more powerful.


   Skills:
 - Level 12.0 Fighting
 - Level 12.1 Dodging
 - Level 10.0 Unarmed Combat
 - Level 7.2 Invocations
 * Level 17.6 Shapeshifting


You had 16 spell levels left.
You didn't know any spells.
Your spell library contained the following spells:

 Spells                   Type           Power      Damage    Failure   Level
 Apportation              Tloc           0%         N/A       85%         1
 Freeze                   Ice            0%         1d3       85%         1
 Necrotise                Necr           0%         1d4       85%         1
 Summon Small Mammal      Summ           0%         N/A       85%         1
 Blink                    Tloc           0%         N/A       91%         2
 Cigotuvi's Dreadful Rot  Necr/Pois/Air  0%         N/A       91%         2
 Poisonous Vapours        Pois/Air       0%         N/A       91%         2
 Scorch                   Fire           0%         2d5       91%         2
 Frozen Ramparts          Ice            0%         1d1       98%         3
 Hailstorm                Conj/Ice       0%         3d3       98%         3
 Mephitic Cloud           Conj/Pois/Air  0%         N/A       98%         3
 Ozocubu's Armour         Ice            0%         N/A       98%         3
 Portal Projectile        Hex/Tloc       0%         N/A       98%         3
 Tukima's Dance           Hex            0%         N/A       98%         3
 Anguish                  Hex/Necr       0%         N/A       100%        4
 Animate Armour           Summ/Erth      0%         N/A       100%        4
 Animate Dead             Necr           0%         N/A       100%        4
 Cause Fear               Hex            0%         N/A       100%        4
 Dispel Undead            Necr           0%         3d6       100%        4
 Flame Wave               Conj/Fire      0%         2d4       100%        4
 Iskenderun's Mystic Bla  Conj/Tloc      0%         2d3       100%        4
 Manifold Assault         Tloc           0%         N/A       100%        4
 Summon Ice Beast         Ice/Summ       0%         N/A       100%        4
 Summon Lightning Spire   Summ/Air       0%         N/A       100%        4
 Alistair's Intoxication  Tmut/Pois      0%         N/A       100%        5
 Borgnjor's Vile Clutch   Necr/Erth      0%         N/A       100%        5
 Freezing Cloud           Conj/Ice/Air   0%         6-21      100%        5
 Lee's Rapid Deconstruct  Erth           0%         3d4*      100%        5
 Metabolic Englaciation   Hex/Ice        0%         N/A       100%        5
 Summon Forest            Summ/Tloc      0%         N/A       100%        5
 Summon Mana Viper        Hex/Summ       0%         N/A       100%        5
 Death Channel            Necr           0%         N/A       100%        6
 Eringya's Noxious Bog    Tmut/Pois      0%         4d6       100%        6
 Simulacrum               Ice/Necr       0%         N/A       100%        6
 Summon Cactus Giant      Summ           0%         N/A       100%        6
 Enfeeble                 Hex            0%         N/A       100%        7
 Monstrous Menagerie      Summ           0%         N/A       100%        7
 Ozocubu's Refrigeration  Ice            0%         4d7       100%        7

Inventory:

Missiles
 L - 2 throwing nets
Armour
 e - a +2 cloak (worn)
   (You found it on level 1 of the Dungeon)
 g - a +0 helmet (worn)
   (You found it on level 1 of the Dungeon)
 i - a +1 pair of gloves (melded)
   (You found it on level 1 of the Dungeon)
 D - a +0 troll leather armour (worn)
   (You found it on level 1 of the Orcish Mines)
 E - +0 steam dragon scales
   (You took it off Maggie on level 6 of the Dungeon)
 M - a +2 crystal plate armour of cold resistance
   (You found it in an ice cave)
Jewellery
 l - a ring of protection from cold
   (You found it on level 2 of the Dungeon)
 r - a ring of see invisible
   (You found it on level 7 of the Dungeon)
 s - an amulet of reflection (around neck)
   (You found it on level 2 of the Dungeon)
 t - a +6 ring of strength
   (You found it on level 2 of the Dungeon)
 y - a ring of willpower
   (You found it on level 4 of the Dungeon)
 A - an amulet of the acrobat
   (You found it on level 5 of the Dungeon)
 J - a +5 ring of evasion (left blade hand)
   (You found it on level 9 of the Dungeon)
 K - a +4 ring of protection
   (You found it on level 9 of the Dungeon)
 P - a +5 ring of evasion
   (You found it on level 11 of the Dungeon)
 Y - a ring of protection from fire
   (You found it on level 13 of the Dungeon)
 Z - the ring "Plog" (right blade hand) {*Slow rPois rF+ EV+5 Dex+5}
   (You bought it in a shop on level 14 of the Dungeon)

   [ring of evasion]

   EV+5:      It affects your evasion (+5).
   Dex+5:     It affects your dexterity (+5).
   rF+:       It protects you from fire.
   rPois:     It protects you from poison *Slow: It may slow you when you take
   damage.
Talismans
 c - a beast talisman
 d - a flux talisman
 w - a blade talisman (active)
   (You bought it in a shop on level 2 of the Orcish Mines)
 V - a storm talisman
   (You found it on level 5 of the Lair of Beasts)
Wands
 o - a wand of charming (13)
   (You found it on level 2 of the Dungeon)
 v - a wand of acid (11) (quivered)
   (You found it on level 7 of the Dungeon)
 x - a wand of iceblast (31)
   (You took it off Jeremiah on level 6 of the Dungeon)
 C - a wand of flame (56)
   (You found it on level 6 of the Dungeon)
 W - a wand of polymorph (4)
   (You found it on level 5 of the Lair of Beasts)
Scrolls
 b - 4 scrolls of amnesia
 h - 3 scrolls of fear
 n - 2 scrolls of teleportation
 q - a scroll of brand weapon
 u - 6 scrolls of immolation
 z - 5 scrolls of fog
 B - a scroll of enchant armour
 H - 5 scrolls of enchant weapon
 O - 8 scrolls of identify
 Q - 4 scrolls of revelation
 U - a scroll of poison
Potions
 a - a potion of haste
 f - 6 potions of enlightenment
 j - 8 potions of curing
 k - 5 potions of invisibility
 p - 3 potions of magic
 G - 4 potions of brilliance
 I - a potion of cancellation
 N - 4 potions of might
 R - a potion of lignification
 T - a potion of ambrosia
 X - 2 potions of resistance

Dungeon Overview and Level Annotations

Branches:
Dungeon (15/15) Zot: 26224 Temple (1/1) D:4 Zot: 5972 Lair (5/5) D:11 Zot: 24756 Swamp (0/4) Lair:3 Spider (4/4) Lair:3 Zot: 22321 Slime (0/5) Lair:5 Orc (2/2) D:9 Zot: 9865 Elf (0/3) Orc:2 Vaults (0/5) D:13 D:14 Depths (0/4) D:15 Ossuary (visited) IceCv (visited)

Altars:
Ashenzari
Cheibriados
Dithmenos
Fedhas
Gozag
Hepliaklqana
Kikubaaqudgha
Makhleb
Nemelex Xobeh
Okawaru
Qazlal
Ru
Sif Muna
Trog
Uskayaw
Vehumet
Wu Jian
Xom
Yredelemnul
Jiyva

Shops:
D:2 (*   D:4 :   D:14 *=*[   Orc:2 ([*:

Annotations:
D:5 2 transporters
D:13 2 transporters, Gawasace's ghost, journeyman FoFi
Lair:5 exclusion: obsidian statue

..#
#####...^#..^...#...^..#
..# ###^^#~.....#...####
..# ##^#......#^.## ###
###~.....#^## #
##.^...#### # #..#.#.# #
##......# #......~#
##....@..# #....^s.^# .
#~....R^.# s. #......^##
..^##.....^#
.°..##.....#
....^#..†..#
...^^^....~#.^.
....#.....^~...


You could see the friendly Mbali the knight and a jumping spider (ally target).


Message History

Press: ? - help, Q - select action, (/) - cycle Shift-Dir - straight line, f - wolf spider
Aim: a wolf spider (heavily wounded, berserk, ally target, 71% to hit)
The bolt of acid hits the wolf spider!
The acid corrodes the wolf spider!
The jumping spider leaps! 😱 HP[+1]
Aiming: Corrosive Bolt
Press: ? - help, Q - select action, (/) - cycle Shift-Dir - straight line, f/p - wolf spider
Aim: a wolf spider (severely wounded, berserk, covered in acid, ally target, 71% to hit)
The bolt of acid misses the wolf spider.
Mbali avoids your attack. The wolf spider completely misses you.
The wolf spider bites you but does no damage.
The wolf spider completely misses you.
The wolf spider bites you but does no damage.
What are your orders? t - Shout!
Orders for allies: a - Attack new target. p - Attack previous target. r - Retreat! s - Stop attacking. g - Guard the area. f - Follow me.
Anything else - Cancel.
Okay, then. 😱 HP[+2]
You regained 2 hp, and now have 12/119 hp.
You barely miss the wolf spider. You kick the wolf spider!
The wolf spider misses you.
The wolf spider completely misses you. x3
You feel you are being watched by something.
You feel your power leaking away. 😱 HP[+1] MP[-2]
You lost 2 mp, and now have 0/22 mp.
Unknown command.
You shred the wolf spider!!!
You kill the wolf spider!
You feel you are being watched by something.
You feel you are being watched by something. 😱 HP[+1]
You feel you are being watched by something.
Mbali hits something with a +0 broad axe of flaming!
Mbali burns something.
You feel you are being watched by something. 😱 HP[+2]
You regained 2 hp, and now have 16/119 hp.
Aiming: Corrosive Bolt
Press: ? - help, Q - select action, (/) - cycle Shift-Dir - straight line The bolt of acid hits something.
The acid corrodes something!
Mbali blocks the jumping spider's attack.
The jumping spider bites Mbali but does no damage. 😱 HP[+2] MP[+1]
You regained 2 hp, and now have 18/119 hp.
Unknown command. 😱 HP[+1] Deactivating autopickup; reactivate with Ctrl-A.
You barely miss something. Something barely misses you. Something hits you.
* * * LOW HITPOINT WARNING * * *
Something barely misses you.
You feel you are being watched by something.
You feel your power leaking away.
The jumping spider pounces on Mbali but does no damage.
Mbali blocks the jumping spider's attack.
Mbali completely misses the jumping spider. 😱 HP[-1] MP[-1]
You take 1 damage, and now have 18/119 hp.
You lost 1 mp, and now have 0/22 mp.
You slice something!! Your kick misses something.
The jumping spider leaps!
You feel you are being watched by something.
You feel your power leaking away. Something closely misses you.
Something completely misses you. Something misses you.
Something hits you but does no damage. Something completely misses you.
Something closely misses you. 😱 HP[+1]
You shred something!!!
Reactivating autopickup.
You feel a bit more experienced.
Mbali hits the jumping spider with a +0 broad axe of flaming.
Mbali burns the jumping spider.
You feel you are being watched by something.
Something closely misses you. Something hits you.
* * * LOW HITPOINT WARNING * * *
Deactivating autopickup; reactivate with Ctrl-A.
Something closely misses you. 😱 HP[-2]
You take 2 damage, and now have 17/119 hp.
Unknown command.
You feel you are being watched by something.
Something hits you!
* * * LOW HITPOINT WARNING * * *
You feel dopey. You block something's attack. Something stings you.
* * * LOW HITPOINT WARNING * * *
Mbali hits the jumping spider with a +0 broad axe of flaming.
Mbali burns the jumping spider.
You see here a ghost moth corpse. 😱 HP[-8]
You take 8 damage, and now have 9/119 hp.
Unknown command.
Unknown command.
You hit the jumping spider but do no damage.
Your kick misses the jumping spider.
The jumping spider pounces on you but does no damage.
The jumping spider barely misses you. Something hits you!
You die...

Skill      XL: |  1  2  3  4  5  6  7  8  9 10 11 12 13 14 15 16 |
---------------+-------------------------------------------------+-----
Shapeshifting  | 3 4 5 6 7 9 10 12 14 17 | 17.6
Unarmed Combat | 3 4 5 6 8 9 10 | 10.0
Dodging        | 3 6 8 10 12 | 12.1
Fighting       | 3 9 11 12 | 12.0
Invocations    | 7 |  7.2

Action                     |  1- 3 |  4- 6 |  7- 9 | 10-12 | 13-15 | 16-18 || total
---------------------------+-------+-------+-------+-------+-------+-------++-------
  Melee: Unarmed           |    81 |   164 |   349 |   842 |   679 |   438 ||  2553
         Punch             |     1 |     4 |     5 |     5 |    59 |    37 ||   111
         Kick              |       |       |   127 |   319 |   248 |   164 ||   858
 Invoke: Recall Ancestor   |       |       |     1 |     1 |       |     3 ||     5
         Ancestor Life: Kn |       |       |     1 |       |       |       ||     1
         Idealise          |       |       |       |       |       |     1 ||     1
  Evoke: Wand              |       |       |     8 |     4 |       |    13 ||    25
    Use: Scroll            |       |     7 |    10 |    10 |     4 |     8 ||    39
         Potion            |       |     3 |     2 |     3 |     1 |     8 ||    17
   Stab: Sleeping          |     3 |     6 |     1 |       |       |       ||    10
         Distracted        |       |       |     1 |     4 |     3 |     5 ||    13
 Armour: Animal skin       |    12 |    21 |    99 |     3 |       |       ||   135
         Skin              |       |     5 |       |       |       |    67 ||    72
         Steam dragon scal |       |       |       |    73 |       |       ||    73
         Crystal plate arm |       |       |       |   116 |       |       ||   116
         Troll leather arm |       |       |       |    91 |    76 |    79 ||   246
  Dodge: Dodged            |    36 |    79 |   204 |   481 |   789 |   755 ||  2344
  Block: Other             |       |    29 |    95 |   164 |   161 |   139 ||   588
         Reflection        |       |       |     6 |     1 |     1 |     1 ||     9
   Form: Beast             |     1 |       |       |     1 |       |       ||     2
                           |     1 |       |       |       |       |       ||     1
         Flux              |       |       |     1 |     1 |       |       ||     2
         Blade             |       |       |       |     1 |       |       ||     1

Levels and vault maps discovered:
D:1:      shiori_shiawase, layout_loops_ring, minivault_5
D:2:      layout_loops_cross, serial_shops, nicolae_shop_statue_plus,
          nicolae_shop_tiny_statue_garden, hellmonk_ecumenical_altar_run_dry
D:3:      layout_basic, st_stairs_7, kennysheep_generic_room_14
D:4:      layout_basic, temple_green, nicolae_shop_vocational
D:5:      gammafunk_cloud_chamber, layout_gridville, nicolae_ossuary_entry_plus,
          minmay_quadrilaterals
D:6:      layout_rooms, nicolae_dithmenos_the_darkroom, serial_curves,
          eino_curves_04, eino_curves_04, eino_curves_03, eino_curves_04,
          uniq_maggie, uniq_jeremiah
D:7:      layout_cave_pools, mainiacjoe_overflow_catwalk,
          mainiacjoe_overflow_24_doors, uniq_menkaure, uniq_duvessa
D:8:      layout_basic, uniq_psyche
D:9:      layout_loops_ring, gammafunk_temple_overflow_statue,
          lemuel_crystal_altar, hiddenorc2_lemuel, uniq_harold
D:10:     layout_irregular_city, chequers_temple_overflow_statue_of_worship,
          uniq_lodul
D:11:     layout_basic, hellmonk_lair_entry_icy, uniq_sonja
D:12:     layout_roguey, minmay_lizard_king
D:13:     layout_loops_corners, gammafunk_ghost_arena
D:14:     layout_loops_ring, david_vaults_3, serial_shops,
          nicolae_shop_real_fake_doors, kennysheep_little_box,
          nicolae_shop_gaudy_bauble, shop, gauntlet_entry_generic
D:15:     grunt_enter_depths_giant_problem, layout_cave_pools,
          nicolae_tso_carved_into_rock
Temple:   eino_temple_lava
Lair:1:   layout_roguey
Lair:2:   layout_gridlike, lemuel_fruit_fields, serial_bayou_shore_a,
          serial_bayou_shore_b, grunt_megastairs_5, lemuel_fruit_fields,
          uniq_nergalle
Lair:3:   layout_cave_pods, palyth_hydra_swamp_entry,
          hellmonk_spider_entry_life_and_decay, uniq_josephine, uniq_urug,
          uniq_snorg
Lair:4:   layout_roguey, kennysheep_rathole, grunt_megastairs_1
Lair:5:   due_jungle_book, layout_regular_city, slime_entry_1,
          lemuel_fruit_fields, lemuel_fruit_tree, infiniplex_staircase_pool
Spider:1: layout_cave_pods
Spider:2: layout_spider_delve, uniq_arachne, uniq_asterion
Spider:3: layout_spider_delve, nicolae_spider_paper_wasps
Spider:4: grunt_spider_rune_parallel
Orc:1:    cheibrodos_orc_bank, layout_diamond_mine,
          portal_ice_cave_demonic_guard, mines3_lemuel
Orc:2:    grunt_orc_cross, layout_diamond_mine

Notes
Turn   | Place    | Note
-------+----------+-------------------------------------------
     0 | D:1      | ytrimaz the Demonspawn Shapeshifter began the quest for the
                  | Orb.
     0 | D:1      | Reached XP level 1. HP: 15/15 MP: 1/1
     0 | D:1      | magus.rc [v1.9.6]
   205 | D:1      | Reached skill level 3 in Shapeshifting
   205 | D:1      | Gained mutation: When seriously injured, your blood forms
                  | armour. (AC +9) [demonic ancestry]
   205 | D:1      | Reached XP level 2. HP: 21/21 MP: 2/2
   284 | D:1      | You add the spells Alistair's Intoxication, Borgnjor's Vile
                  | Clutch and Eringya's Noxious Bog to your library.
   341 | D:1      | Reached skill level 3 in Unarmed Combat
   636 | D:1      | You pick up a book of Hexes and begin reading...
   636 | D:1      | You add the spells Anguish, Cause Fear and Enfeeble to your
                  | library.
   678 | D:1      | Reached XP level 3. HP: 20/26 MP: 3/3
   942 | D:2      | Identified the +4 flail "Umitiec" {drain, rPois rC- Str+3}
   978 | D:2      | Found a faded altar of an unknown god.
  1071 | D:2      | Gained mutation: When seriously injured, your blood forms
                  | thick armour. (AC +9) [demonic ancestry]
  1071 | D:2      | Reached XP level 4. HP: 32/32 MP: 4/4
  1125 | D:2      | Found Bahariot's Assorted Antiques.
  1168 | D:2      | Found Jyzoytes's Antique Weapon Boutique.
  1776 | D:3      | Reached skill level 4 in Shapeshifting
  1785 | D:3      | Gained mutation: You regenerate magic rapidly. [demonic
                  | ancestry]
  1785 | D:3      | Reached XP level 5. HP: 19/37 MP: 5/5
  2008 | D:3      | HP: 8/37 [orc priest/nerve-wracking pain (12)]
  2521 | D:3      | Reached skill level 4 in Unarmed Combat
  2738 | D:4      | Found Sabeecry's Vocational Training.
  2777 | D:4      | Reached XP level 6. HP: 28/43 MP: 6/6
  3520 | D:4      | Reached skill level 5 in Shapeshifting
  3754 | D:4      | Found a staircase to the Ecumenical Temple.
  3765 | Temple   | Entered the Ecumenical Temple
  3784 | Temple   | Became a worshipper of Hepliaklqana the Forgotten
  3871 | D:5      | Entered Level 5 of the Dungeon
  3988 | D:5      | Found a transporter.
  3990 | D:5      | Noticed a fire bat
  3990 | D:5      | Noticed a fire bat
  4000 | D:5      | HP: 8/43 [acid (4)]
  4007 | D:5      | Gained mutation: You have large cloven feet. [demonic
                  | ancestry]
  4007 | D:5      | Reached XP level 7. HP: 6/48 MP: 7/7
  4108 | D:5      | Reached skill level 5 in Unarmed Combat
  4158 | D:5      | Found a sand-covered staircase.
  4162 | Ossuary  | Entered an ossuary
  4406 | Ossuary  | Reached skill level 6 in Shapeshifting
  4529 | D:5      | Gained mutation: When hurt, damage is shared between your
                  | health and your magic reserves. [demonic ancestry]
  4529 | D:5      | Reached XP level 8. HP: 46/54 MP: 8/8
  4882 | D:5      | Found a transporter.
  4885 | D:5      | Reached * piety under Hepliaklqana
  4972 | D:5      | Reached skill level 6 in Unarmed Combat
  5166 | D:5      | Reached skill level 7 in Shapeshifting
  5486 | D:6      | HP: 12/48 [orc priest/divine providence (9)]
  5490 | D:6      | HP: 4/46 [wight/+0 halberd (5)]
  5928 | D:6      | Gained mutation: You regenerate a little health from kills.
                  | [demonic ancestry]
  5928 | D:6      | Reached XP level 9. HP: 42/53 MP: 6/9
  6073 | D:6      | Noticed Jeremiah
  6091 | D:6      | Killed Jeremiah
  6092 | D:6      | Reached skill level 7 in Unarmed Combat
  6092 | D:6      | Reached skill level 8 in Shapeshifting
  6455 | D:6      | Noticed Maggie
  6455 | D:6      | Found a shadowy altar of Dithmenos.
  6468 | D:6      | Killed Maggie
  6726 | D:7      | Noticed Menkaure
  6797 | D:7      | Found a broken altar of Ashenzari.
  6866 | D:7      | Killed Menkaure
  6867 | D:7      | Reached skill level 9 in Shapeshifting
  6968 | D:7      | Noticed Duvessa
  6971 | D:7      | Noticed Dowan
  6977 | D:7      | Killed Duvessa
  6988 | D:7      | Killed Dowan
  6989 | D:7      | Reached skill level 8 in Unarmed Combat
  7011 | D:7      | HP: 12/53 [phantom (3)]
  7021 | D:7      | HP: 11/53 [ice beast (4)]
  7167 | D:7      | Reached ** piety under Hepliaklqana
  7240 | D:7      | Remembered your ancestor Mbali as a knight
  7355 | D:7      | Reached XP level 10. HP: 47/58 MP: 8/10
  7862 | D:8      | Noticed Psyche
  7869 | D:8      | Killed Psyche
  7947 | D:8      | Noticed a two-headed ogre
  7956 | D:8      | Killed a two-headed ogre
  7957 | D:8      | Reached skill level 10 in Shapeshifting
  7964 | D:8      | You pick up a book of Decay and begin reading...
  7964 | D:8      | You add the spells Cigotuvi's Dreadful Rot, Dispel Undead
                  | and Death Channel to your library.
  8110 | D:8      | You pick up a book of Frost and begin reading...
  8110 | D:8      | You add the spells Freeze, Frozen Ramparts and Hailstorm to
                  | your library.
  8550 | D:9      | Reached skill level 2 in Dodging
  8702 | D:9      | Found a staircase to the Orcish Mines.
  8718 | D:9      | Reached skill level 9 in Unarmed Combat
  8758 | D:9      | Reached skill level 2 in Fighting
  8873 | D:9      | Found a snail-covered altar of Cheibriados.
  8874 | D:9      | Found a hide-covered altar of Uskayaw.
  8953 | D:9      | Reached *** piety under Hepliaklqana
  9028 | D:9      | You pick up a book of Cantrips and begin reading...
  9028 | D:9      | You add the spells Necrotise, Summon Small Mammal and
                  | Apportation to your library.
  9061 | D:9      | Reached skill level 3 in Dodging
  9089 | D:9      | Reached skill level 3 in Fighting
  9309 | D:9      | Noticed Harold
  9327 | D:9      | Killed Harold
  9536 | D:9      | Found an iron altar of Okawaru.
  9633 | Orc:1    | Entered Level 1 of the Orcish Mines
  9654 | Orc:1    | Gained mutation: You have hoof-like feet. [demonic
                  | ancestry]
  9654 | Orc:1    | Reached XP level 11. HP: 66/67 MP: 9/11
  9687 | Orc:1    | Reached skill level 10 in Unarmed Combat
  9886 | Orc:1    | Reached skill level 4 in Fighting
  9886 | Orc:1    | Reached skill level 4 in Dodging
  9911 | Orc:1    | Found a frozen archway.
  9933 | IceCv    | Entered an ice cave
  9970 | IceCv    | Identified a +2 crystal plate armour of cold resistance
 10207 | IceCv    | Reached skill level 5 in Fighting
 10710 | IceCv    | Reached skill level 6 in Fighting
 10814 | IceCv    | Noticed a reaper
 11041 | IceCv    | Reached skill level 7 in Fighting
 11182 | IceCv    | HP: 13/75 [reaper/+1 scythe of freezing (24)]
 11187 | IceCv    | HP: 18/75 [reaper/+1 scythe of freezing (1)]
 11190 | IceCv    | Killed a reaper
 11286 | IceCv    | Identified the +6 rapier of Weak Cruel Justice {protect,
                  | Str+4}
 11288 | IceCv    | You add the spells Ozocubu's Armour and Ozocubu's
                  | Refrigeration to your library.
 11576 | Orc:1    | Reached skill level 8 in Fighting
 11584 | Orc:1    | Noticed an orc knight
 11601 | Orc:1    | Killed an orc knight
 11714 | Orc:1    | Reached skill level 5 in Dodging
 11771 | Orc:1    | Noticed an orc sorcerer
 11785 | Orc:1    | Killed an orc sorcerer
 11971 | Orc:2    | Entered Level 2 of the Orcish Mines
 12055 | Orc:2    | Noticed an orc sorcerer
 12077 | Orc:1    | Reached skill level 9 in Fighting
 12130 | Orc:1    | Noticed an oklob plant
 12140 | Orc:1    | Killed an oklob plant
 12304 | Orc:2    | Reached skill level 6 in Dodging
 12309 | Orc:2    | Killed an orc sorcerer
 12310 | Orc:2    | Reached XP level 12. HP: 86/86 MP: 10/12
 12327 | Orc:2    | Noticed an orc warlord
 12359 | Orc:1    | Killed an orc warlord
 12482 | Orc:2    | Reached skill level 10 in Fighting
 12490 | Orc:2    | Reached skill level 7 in Dodging
 12691 | Orc:2    | Found a staircase to the Elven Halls.
 12787 | Orc:2    | Noticed an orc high priest
 12896 | Orc:2    | Noticed Blork the orc
 12903 | Orc:2    | Killed Blork the orc
 12962 | Orc:2    | Found Mubluuxt's Book Emporium.
 12996 | Orc:2    | Reached **** piety under Hepliaklqana
 12997 | Orc:2    | Found Ihazxak's Antique Armour Emporium.
 13005 | Orc:2    | Bought a warped chain mail for 294 gold pieces
 13005 | Orc:2    | Identified the +0 chain mail "Tydghob" {rPois Will- Str+3}
                  | (You bought it in a shop on level 2 of the Orcish Mines)
 13024 | Orc:2    | Killed an orc high priest
 13103 | Orc:2    | Found Huduax's Antique Weapon Emporium.
 13122 | Orc:2    | Found Gakoqa Nokke's General Store.
 13129 | Orc:2    | Bought a blade talisman for 680 gold pieces
 13385 | D:10     | Entered Level 10 of the Dungeon
 13414 | D:10     | Noticed Lodul
 13419 | D:10     | Reached skill level 8 in Dodging
 13424 | D:10     | Killed Lodul
 13432 | D:10     | Reached skill level 11 in Fighting
 13533 | D:10     | Noticed a two-headed ogre
 13541 | D:10     | Killed a two-headed ogre
 13738 | D:10     | Found a blossoming altar of Fedhas.
 13738 | D:10     | Found a shimmering blue altar of Sif Muna.
 13803 | D:10     | Noticed a two-headed ogre
 13809 | D:10     | Killed a two-headed ogre
 13897 | D:10     | Reached ***** piety under Hepliaklqana
 14019 | D:11     | Noticed Sonja
 14029 | D:11     | Killed Sonja
 14139 | D:11     | Reached XP level 13. HP: 96/96 MP: 13/13
 14198 | D:11     | Found a staircase to the Lair.
 14877 | D:11     | Reached skill level 12 in Fighting
 15299 | Lair:1   | Entered Level 1 of the Lair of Beasts
 15374 | Lair:1   | Reached skill level 9 in Dodging
 15374 | Lair:1   | Reached skill level 11 in Shapeshifting
 15501 | Lair:1   | You pick up a book of Vapours and begin reading...
 15501 | Lair:1   | You add the spells Poisonous Vapours, Mephitic Cloud and
                  | Freezing Cloud to your library.
 15976 | Lair:2   | Noticed Nergalle
 15988 | Lair:2   | Killed Nergalle
 15996 | Lair:2   | You pick up a book of Iron and begin reading...
 15996 | Lair:2   | You add the spells Summon Lightning Spire, Animate Armour
                  | and Lee's Rapid Deconstruction to your library.
 16518 | Lair:2   | Reached ****** piety under Hepliaklqana
 16752 | Lair:3   | Noticed Snorg
 16817 | Lair:3   | Killed Snorg
 16818 | Lair:3   | Reached skill level 12 in Shapeshifting
 16953 | Lair:3   | Reached skill level 10 in Dodging
 17031 | Lair:3   | Noticed Josephine
 17043 | Lair:3   | Killed Josephine
 17307 | Lair:3   | Found a hole to the Spider Nest.
 17315 | Lair:3   | Gained mutation: Your hexes are more powerful. [demonic
                  | ancestry]
 17315 | Lair:3   | Reached XP level 14. HP: 84/103 MP: 11/14
 17341 | Lair:3   | You add the spells Blink and Manifold Assault to your
                  | library.
 17637 | Lair:3   | Found a staircase to the Swamp.
 18321 | Lair:4   | Reached skill level 13 in Shapeshifting
 18770 | Lair:5   | Entered Level 5 of the Lair of Beasts
 18842 | Lair:5   | Reached skill level 11 in Dodging
 19358 | Lair:5   | Found a viscous altar of Jiyva.
 19358 | Lair:5   | Found a staircase to the Slime Pits.
 19438 | Lair:5   | You pick up a book of the Wilderness and begin reading...
 19438 | Lair:5   | You add the spells Summon Forest, Summon Mana Viper and
                  | Summon Cactus Giant to your library.
 19476 | Lair:5   | HP: 16/103 [dire elephant (16)]
 19590 | Lair:5   | magus.rc [v1.9.6]
 19768 | Lair:5   | Reached skill level 14 in Shapeshifting
 20016 | Lair:5   | Reached skill level 12 in Dodging
 20304 | Lair:5   | Reached XP level 15. HP: 83/108 MP: 10/15
 21172 | D:12     | Identified a potion of experience
 21173 | D:12     | Reached skill level 7 in Invocations
 21173 | D:12     | Gained mutation: You have hooves in place of feet. [demonic
                  | ancestry]
 21173 | D:12     | Reached XP level 16. HP: 114/114 MP: 15/21
 21215 | D:13     | Noticed a shadow dragon
 21216 | D:13     | Noticed Gawasace's ghost (journeyman FoFi)
 21217 | D:13     | Found a transporter.
 21219 | D:13     | Found a transporter.
 21858 | D:13     | Identified the +7 rapier "Leze Pud" {antimagic, rF- Will+
                  | Int+5}
 22044 | D:14     | Found Puwama's Jewellery Emporium.
 22046 | D:14     | Bought the ring "Plog" {*Slow rPois rF+ EV+5 Dex+5} for 945
                  | gold pieces
 22104 | D:14     | Found Sabryg's General Store.
 22195 | D:14     | Found Pesysiq's General Store.
 22253 | D:14     | Noticed Urug
 22254 | D:14     | Found a gate to the Vaults.
 22255 | D:14     | Noticed Nessos
 22272 | D:14     | Killed Urug
 22281 | D:14     | Reached skill level 15 in Shapeshifting
 22294 | D:14     | Killed Nessos
 22435 | D:14     | You pick up a book of Winter and begin reading...
 22435 | D:14     | You add the spells Metabolic Englaciation and Simulacrum to
                  | your library.
 22612 | D:14     | HP: 8/114 [titanic slime creature (66)]
 22773 | D:14     | Found Vagungin's Antique Armour Shoppe.
 22814 | D:14     | Bought a warped chain mail for 228 gold pieces
 22814 | D:14     | Identified the +0 chain mail of the Farrier {rElec Str+4}
                  | (You bought it in a shop on level 14 of the Dungeon)
 22857 | D:15     | Entered Level 15 of the Dungeon
 22951 | D:15     | You pick up a book of Weapons and begin reading...
 22951 | D:15     | You add the spells Tukima's Dance, Portal Projectile and
                  | Iskenderun's Mystic Blast to your library.
 23111 | D:15     | Found a staircase to the Depths.
 23322 | D:15     | Identified the +6 kite shield of Analysis {Str-2 Int+4}
 23522 | D:15     | You pick up a book of Beasts and begin reading...
 23522 | D:15     | You add the spells Summon Ice Beast and Monstrous Menagerie
                  | to your library.
 23525 | D:15     | Upgraded the game from 0.31-a0-507-gbafd7f5274 to
                  | 0.31-a0-521-gc7390f8997
 23525 | D:15     | magus.rc [v1.9.6]
 23692 | Spider:1 | Entered Level 1 of the Spider Nest
 23715 | Spider:1 | Reached skill level 16 in Shapeshifting
 23839 | Spider:1 | Identified the +2 robe of Hubris {Str+2}
 24032 | Spider:2 | You fall into a shaft and drop 1 floor!
 24046 | Spider:3 | HP: 28/114 [poisoned by a redback]
 24049 | Spider:3 | HP: 9/114 [jumping spider (8)]
 24054 | Spider:3 | HP: 18/114 [poisoned by a redback]
 24059 | Spider:3 | HP: 24/114 [poisoned by a redback]
 24118 | Spider:3 | You pick up a book of Unlife and begin reading...
 24128 | Spider:3 | You pick up a book of Scorching and begin reading...
 24128 | Spider:3 | You add the spells Scorch and Flame Wave to your library.
 24163 | Spider:3 | HP: 19/114 [spark wasp (11)]
 24164 | Spider:3 | HP: 3/114 [spark wasp (10)]
 24593 | Spider:4 | Entered Level 4 of the Spider Nest
 24676 | Spider:4 | Reached skill level 17 in Shapeshifting
 24734 | Spider:4 | Reached XP level 17. HP: 102/119 MP: 18/22
 24926 | Spider:4 | HP: 40/178 [poisoned by a wolf spider]
 24928 | Spider:4 | HP: 7/119 [wolf spider (10)]
 25396 | Spider:4 | HP: 21/119 [wolf spider (24)]
 25399 | Spider:4 | HP: 1/119 [wolf spider (14)]
 25409 | Spider:4 | HP: 18/119 [something (2)]
 25413 | Spider:4 | Slain by a ghost moth

Vanquished Creatures
  An emperor scorpion (Spider:3)
  A ghost moth (Spider:4)
  An orc warlord (Orc:1)
  A reaper (IceCv)
  A stone giant (D:15)
  Nessos (D:14)
  4 dire elephants (Lair:5)
  5 spark wasps
  Snorg (Lair:3)
  Josephine (Lair:3)
  Harold (D:9)
  7 hydras
  3 radroaches
  2 centaur warriors
  9 two-headed ogres
  2 tengu warriors (D:15)
  3 boulder beetles
  3 demonic crawlers
  Urug (D:14)
  An orc high priest (Orc:2)
  Sonja (D:11)
  Nergalle (Lair:2)
  A spectral death yak (Lair:5)
  Lodul (D:10)
  3 pharaoh ants
  A spectral anaconda (Lair:5)
  An orb spider (Spider:4)
  2 steelbarb worms
  5 orc knights
  4 necromancers (Lair:5)
  Jeremiah (D:6)
  An oklob plant (Orc:1)
  4 orc sorcerers
  3 cyclopes
  10 wolf spiders
  2 manticores (D:14)
  29 elephants
  2 moths of wrath
  An ice statue (IceCv)
  A dire elephant skeleton (Lair:5)
  7 black mambas
  6 cane toads
  Maggie (D:6)
  Psyche (D:8)
  A torpor snail (Spider:3)
  2 kobold demonologists (D:12)
  A rime drake (D:11)
  3 ice devils
  An anaconda simulacrum (IceCv)
  6 komodo dragons
  2 meliai (D:15)
  4 trolls
  A polar bear (Lair:3)
  11 tarantellas
  A spectral elephant (Lair:5)
  7 blink frogs
  A shadow (D:10)
  16 culicivoras
  7 slime creatures
  12 jumping spiders
  44 yaks
  7 humans (D:14)
  8 wraiths
  4 wyverns
  4 basilisks
  25 redbacks
  2 steam dragons
  2 vampire mosquitoes (D:11)
  Menkaure (D:7)
  3 death yak simulacra
  3 swamp worms (Lair:3)
  5 wargs
  2 spectral cane toads (Lair:5)
  Duvessa (D:7)
  7 water moccasins
  24 orc warriors
  6 ice beasts
  3 black bears
  A sky beast (D:7)
  2 elephant zombies (Lair:5)
  12 ogres
  7 wolves
  A centaur (D:13)
  2 phantoms
  4 kobold brigands
  Blork the orc (Orc:2)
  14 bullfrogs
  3 scorpions
  A gnoll sergeant (D:6)
  3 two-headed ogre simulacra (IceCv)
  2 cane toad simulacra
  5 water moccasin zombies (Ossuary)
  8 wights
  Dowan (D:7)
  An elephant simulacrum (IceCv)
  6 killer bees (D:9)
  2 electric eels
  6 howler monkeys
  2 jellies
  2 gnoll boudas
  3 hounds
  14 orc priests
  6 iguanas
  15 orc wizards
  4 troll simulacra (IceCv)
  7 spriggan simulacra (IceCv)
  5 hell rats
  3 polar bear simulacra (IceCv)
  A wolf simulacrum (IceCv)
  2 mummies (Ossuary)
  9 adders
  14 gnolls
  3 naga simulacra (IceCv)
  5 river rats (Lair:4)
  5 white imps
  8 ufetubi
  3 adder zombies (Ossuary)
  4 worms
  4 dart slugs
  79 orcs
  4 ball pythons
  4 bats
  10 endoplasms
  A giant cockroach (D:2)
  A gnoll zombie (Ossuary)
  10 hobgoblins
  8 jackals
  5 frilled lizards
  6 goblins
  7 hobgoblin zombies (Ossuary)
  8 kobolds
  7 kobold zombies (Ossuary)
  5 orc zombies (Ossuary)
  4 rats
725 creatures vanquished.

Vanquished Creatures (collateral kills)
  3 spark wasps (Spider:3)
  A dire elephant (Lair:5)
  A hydra (Lair:3)
  An ogre mage (D:15)
  A boulder beetle (Lair:1)
  2 two-headed ogres
  A catoblepas (D:14)
  A skyshark (Lair:5)
  An orb spider (Spider:1)
  An orc knight (Orc:2)
  A necromancer (D:14)
  2 wolf spiders
  2 elephants
  A manticore (D:12)
  2 cyclopes
  A moth of wrath (Spider:4)
  A black mamba (Lair:2)
  A cane toad (Lair:5)
  A torpor snail (Spider:3)
  A komodo dragon (Lair:1)
  A freezing wraith (IceCv)
  An anaconda simulacrum (IceCv)
  A troll (D:13)
  A meliai (D:15)
  2 tarantellas
  A blink frog (Lair:1)
  4 culicivoras
  4 slime creatures
  A wraith (Lair:3)
  A centaur simulacrum (D:14)
  A jumping spider (Spider:4)
  A vampire (D:12)
  6 yaks
  A steam dragon (D:9)
  9 humans (D:14)
  6 redbacks
  A death yak simulacrum (IceCv)
  2 vampire mosquitoes (D:11)
  A warg (Orc:2)
  A water moccasin (Lair:3)
  An ice beast (D:11)
  4 orc warriors
  A sky beast (D:7)
  2 ogres (D:10)
  An elephant skeleton (Lair:5)
  2 bullfrogs
  A cane toad simulacrum (Lair:5)
  A scorpion (D:7)
  2 two-headed ogre simulacra (IceCv)
  2 killer bees (D:9)
  An elephant simulacrum (IceCv)
  A jelly (D:5)
  4 orc priests
  An iguana (D:7)
  9 orc wizards
  A hell rat (Lair:3)
  2 spriggan simulacra (IceCv)
  3 gnolls (Orc:2)
  A river rat (Lair:4)
  3 white imps (IceCv)
  An ufetubus (IceCv)
  20 orcs
  A hobgoblin (Orc:1)
  A jackal (D:5)
  4 kobolds
  4 butterflies
146 creatures vanquished.

Vanquished Creatures (others)
  A cane toad (Lair:5)
  A jumping spider (Spider:4)
  12 knights
  2 orc wizards (D:9)
  5 ancestors
  A white imp (IceCv)
  3 orcs (D:9)
25 creatures vanquished.

Grand Total: 896 creatures vanquished

Table legend:
 A = Non-vault XP
 B = Vault XP
 C = Vault XP percentage of total XP
 D = Non-vault monster count
 E = Vault monster count
 F = Vault count percentage of total count
                 A         B        C        D         E       F
            +---------+---------+-------+---------+---------+-------
      Total |  107712 |   72418 |  40.2 |     532 |     337 |  38.8
            +---------+---------+-------+---------+---------+-------
        D:1 |      45 |       0 |   0.0 |      23 |       0 |   0.0
        D:2 |      71 |       0 |   0.0 |      15 |       0 |   0.0
        D:3 |     173 |       2 |   1.1 |      14 |       1 |   6.7
        D:4 |     339 |       0 |   0.0 |      15 |       0 |   0.0
        D:5 |     582 |     353 |  37.8 |      26 |       5 |  16.1
        D:6 |    1111 |    1015 |  47.7 |      33 |       2 |   5.7
        D:7 |    1194 |     390 |  24.6 |      21 |       3 |  12.5
        D:8 |    1321 |     391 |  22.8 |      11 |       1 |   8.3
        D:9 |    1941 |    1337 |  40.8 |      34 |      31 |  47.7
       D:10 |    2688 |    1467 |  35.3 |      16 |       7 |  30.4
       D:11 |    5762 |    2149 |  27.2 |      21 |      10 |  32.3
       D:12 |    3184 |     310 |   8.9 |      13 |       8 |  38.1
       D:13 |    3574 |       0 |   0.0 |      11 |       0 |   0.0
       D:14 |    5134 |    6387 |  55.4 |      12 |      20 |  62.5
       D:15 |   10253 |    1101 |   9.7 |      23 |       1 |   4.2
     Lair:1 |    6186 |       0 |   0.0 |      28 |       0 |   0.0
     Lair:2 |    5461 |    1281 |  19.0 |      24 |       5 |  17.2
     Lair:3 |    6342 |    6647 |  51.2 |      20 |      17 |  45.9
     Lair:4 |    5836 |    1037 |  15.1 |      15 |      14 |  48.3
     Lair:5 |   14131 |   15944 |  53.0 |      36 |      33 |  47.8
   Spider:1 |    9374 |       0 |   0.0 |      25 |       0 |   0.0
   Spider:2 |    5404 |       0 |   0.0 |      18 |       0 |   0.0
   Spider:3 |    7773 |    3995 |  33.9 |      18 |       4 |  18.2
   Spider:4 |    5402 |   13426 |  71.3 |      13 |      36 |  73.5
      Orc:1 |    2223 |    3689 |  62.4 |      25 |      26 |  51.0
      Orc:2 |    2208 |    6234 |  73.8 |      22 |      31 |  58.5
    Ossuary |       0 |     455 | 100.0 |       0 |      30 | 100.0
      IceCv |       0 |    4808 | 100.0 |       0 |      52 | 100.0
            +---------+---------+-------+---------+---------+-------

Skill      XL: |  1  2  3  4  5  6  7  8  9 10 11 12 13 14 15 16 |
---------------+-------------------------------------------------+-----
Shapeshifting  | 3 4 5 6 7 9 10 12 14 17 | 17.6
Unarmed Combat | 3 4 5 6 8 9 10 | 10.0
Dodging        | 3 6 8 10 12 | 12.1
Fighting       | 3 9 11 12 | 12.0
Invocations    | 7 |  7.2

Action                     |  1- 3 |  4- 6 |  7- 9 | 10-12 | 13-15 | 16-18 || total
---------------------------+-------+-------+-------+-------+-------+-------++-------
  Melee: Unarmed           |    81 |   164 |   349 |   842 |   679 |   438 ||  2553
         Punch             |     1 |     4 |     5 |     5 |    59 |    37 ||   111
         Kick              |       |       |   127 |   319 |   248 |   164 ||   858
 Invoke: Recall Ancestor   |       |       |     1 |     1 |       |     3 ||     5
         Ancestor Life: Kn |       |       |     1 |       |       |       ||     1
         Idealise          |       |       |       |       |       |     1 ||     1
  Evoke: Wand              |       |       |     8 |     4 |       |    13 ||    25
    Use: Scroll            |       |     7 |    10 |    10 |     4 |     8 ||    39
         Potion            |       |     3 |     2 |     3 |     1 |     8 ||    17
   Stab: Sleeping          |     3 |     6 |     1 |       |       |       ||    10
         Distracted        |       |       |     1 |     4 |     3 |     5 ||    13
 Armour: Animal skin       |    12 |    21 |    99 |     3 |       |       ||   135
         Skin              |       |     5 |       |       |       |    67 ||    72
         Steam dragon scal |       |       |       |    73 |       |       ||    73
         Crystal plate arm |       |       |       |   116 |       |       ||   116
         Troll leather arm |       |       |       |    91 |    76 |    79 ||   246
  Dodge: Dodged            |    36 |    79 |   204 |   481 |   789 |   755 ||  2344
  Block: Other             |       |    29 |    95 |   164 |   161 |   139 ||   588
         Reflection        |       |       |     6 |     1 |     1 |     1 ||     9
   Form: Beast             |     1 |       |       |     1 |       |       ||     2
                           |     1 |       |       |       |       |       ||     1
         Flux              |       |       |     1 |     1 |       |       ||     2
         Blade             |       |       |       |     1 |       |       ||     1

Illustrated notes

Table legend:
 A = Kills in this place as a percentage of kills in the entire game.
 B = Kills by you in this place as a percentage of kills by you in the entire game.
 C = Kills by friends in this place as a percentage of kills by friends in the entire game.
 D = Other kills in this place as a percentage of other kills in the entire game.
 E = Experience gained in this place as a percentage of experience gained in the entire game.
 F = Experience gained in this place divided by the number of levels of this place that you have seen.
                   A       B       C       D       E      F
               +-------+-------+-------+-------+-------+----------------------
         Total | 100.0 | 100.0 | 100.0 | 100.0 | 100.0 | 6211.4
       Dungeon |  43.4 |  43.7 |  42.3 |   0.0 |  29.0 | 3484.9
          Lair |  22.1 |  23.2 |  16.2 |  50.0 |  34.9 | 12573.0
   Spider Nest |  13.1 |  12.8 |  14.8 |   0.0 |  25.2 | 11343.5
  Orcish Mines |  12.0 |  10.8 |  18.3 |   0.0 |   8.0 | 7177.0
       Ossuary |   3.5 |   4.1 |   0.0 |   0.0 |   0.3 | 455.0
      Ice Cave |   6.0 |   5.4 |   8.5 |  50.0 |   2.7 | 4808.0
               +-------+-------+-------+-------+-------+----------------------

Table legend: (Time is in decaauts)
 A = Elapsed time spent in this place.
 B = Non-inter-level travel time spent in this place.
 C = Inter-level travel time spent in this place.
 D = Time resting spent in this place.
 E = Time spent auto-exploring this place.
 F = Levels seen in this place.
 G = Mean time per level.
                   A        B        C        D        E       F      G
               +--------+--------+--------+--------+--------+-----+--------+
         Total |  25050 |  24024 |   1026 |    938 |  17444 |  29 |  863.8 |
       Dungeon |  14102 |  13419 |    683 |    327 |  10565 |  15 |  940.1 |
        Temple |     27 |     27 |      0 |      0 |      0 |   1 |   27.0 |
          Lair |   5243 |   5023 |    220 |    248 |   3710 |   5 | 1048.6 |
   Spider Nest |   1678 |   1633 |     45 |     55 |   1020 |   4 |  419.5 |
  Orcish Mines |   2134 |   2057 |     77 |     79 |   1224 |   2 | 1067.0 |
       Ossuary |    349 |    349 |      0 |     82 |    166 |   1 |  349.0 |
      Ice Cave |   1514 |   1514 |      0 |    147 |    759 |   1 | 1514.0 |
               +--------+--------+--------+--------+--------+-----+--------+

Top non-repeatable levels by time:
  Lair:5: 1681 daAuts
   IceCv: 1514 daAuts
     D:6: 1360 daAuts
    D:11: 1314 daAuts
     D:5: 1263 daAuts
  Lair:3: 1182 daAuts
     D:4: 1155 daAuts
     D:3: 1106 daAuts
     D:9: 1083 daAuts
   Orc:1: 1073 daAuts
   Orc:2: 1060 daAuts
  Lair:2: 917 daAuts
     D:1: 858 daAuts
  Lair:4: 857 daAuts
     D:7: 840 daAuts
